 Dungeon Crawl Stone Soup version 0.27-a0-1122-g2a214b436d (webtiles) character file.

Game seed: 3836708975950823337

499 Froggeryz the Cudgeller (level 7, -1/70 HPs)
             Began as an Ogre Chaos Knight on May 3, 2021.
             Was a Plaything of Xom.
             Slain by a kobold brigand
             ... wielding a +0 club
              (9 damage)
             ... on level 3 of the Dungeon.
             The game lasted 00:03:41 (2928 turns).

Froggeryz the Cudgeller (Ogre Chaos Knight)         Turns: 2928, Time: 00:03:41

Health: -1/70      AC:  4    Str: 25    XL:     7   Next: 16%
Magic:  6/6        EV:  9    Int: 13    God:    Xom [....*.]
Gold:   84         SH:  0    Dex:  8    Spells: 6/6 levels left

rFire    . . .     SeeInvis +   f - +0 flail
rCold    . . .     Faith    .   (no shield)
rNeg     . . .     Spirit   .   b - +2 robe
rPois    .         Reflect  .   (helmet restricted)
rElec    +         Harm     .   (no cloak)
rCorr    .         Rampage  .   (gloves unavailable)
Will     .....     Rnd*Tele +   (boots unavailable)
Stlth    +.........             (no amulet)
HPRegen  0.21/turn              i - +6 ring of strength
MPRegen  0.10/turn              (no ring)

@: no status effects
A: large, unfitting armour, tough skin 1, see invisible, deformed body, low mp
1, electricity resistance, teleportitis 1
a: Renounce Religion


You were on level 3 of the Dungeon.
You worshipped Xom.
You were a beloved toy of Xom.
You visited 1 branch of the dungeon, and saw 3 of its levels.

You collected 84 gold pieces.

Inventory:

Hand Weapons
 a - a +0 mace of chaos
 f - a +0 flail (weapon)
Missiles
 e - 3 throwing nets (quivered)
Armour
 b - a +2 robe (worn)
 c - a +0 kite shield
Jewellery
 i - a +6 ring of strength (left hand)
Scrolls
 d - 3 scrolls of identify
 g - a scroll of enchant weapon


   Skills:
 - Level 4.0 Fighting
 * Level 6.6 Maces & Flails
 - Level 2.1 Dodging
 + Level 0.4 Stealth
 * Level 2.4 Shields


You had 6 spell levels left.
You didn't know any spells.
Your spell library contained the following spells:

 Spells                   Type           Power      Damage    Failure   Level
 Summon Small Mammal      Summ           0%         N/A       30%         1
 Call Imp                 Summ           0%         N/A       43%         2
 Call Canine Familiar     Summ           0%         N/A       67%         3
 Summon Guardian Golem    Hex/Summ       0%         N/A       67%         3
 Summon Ice Beast         Ice/Summ       0%         N/A       97%         4
 Summon Lightning Spire   Summ/Air       0%         N/A       97%         4


Dungeon Overview and Level Annotations

Branches:
Dungeon (3/15)

Altars:

Shops:
D:1 [


Innate Abilities, Weirdness & Mutations

You are too large for most types of armour.
You have tough skin. (AC +1)
You have supernaturally acute eyesight. (SInv)
Armour fits poorly on your strangely shaped body.
Your magical capacity is low. (-10% MP)
You are resistant to electric shocks. (rElec)
You are occasionally teleported next to monsters.


Message History

You feel clever.
You feel frail.
You feel weirdly uncertain.
Your vision sharpens.
Xom thinks this is hilarious!
You feel less energetic.
You feel insulated.
Xom thinks this is hilarious!
You feel yourself speed up.
The kobold brigand barely misses you. "Serve the toy, my child!"
Unknown command.
Your white imp gestures at the kobold brigand.
The puff of frost hits the kobold brigand.
There is a stone staircase leading up here.
You sock the kobold brigand!
The kobold brigand is heavily wounded.
The kobold brigand barely misses you.
You hit the kobold brigand.
The kobold brigand is heavily wounded.
The kobold brigand hits you with a +0 club.
* * * LOW HITPOINT WARNING * * *
Your white imp hits the kobold brigand.
Your white imp freezes the kobold brigand.
You hit the kobold brigand.
The kobold brigand is almost dead.
The kobold brigand hits you with a +0 club!
* * * LOW HITPOINT WARNING * * *
Your white imp hits the kobold brigand but does no damage.
You miss the kobold brigand.
The kobold brigand is almost dead.
The kobold brigand closely misses you.
Your white imp hits the kobold brigand but does no damage.
You hit the kobold brigand.
The kobold brigand is almost dead.
The kobold brigand hits you with a +0 club.
* * * LOW HITPOINT WARNING * * *
Your white imp misses the kobold brigand.
You closely miss the kobold brigand.
The kobold brigand is almost dead.
The kobold brigand hits you with a +0 club!
You die... "It's all fun and games until someone loses an eye."

### ..# #.# ###.#.#### #.##
... ..PP. #..#
############.##.P≈≈ #..# #..
...........≈≈♣ #..# #.#
#.##...#..PP♣♣
...####.###.#........≈P♣
#).............#@5.P.PP♣
#.#####...#......K...≈♣♣♣♣≈P
#.........#....#.#.#P.≈≈≈≈≈P
#.######..#......#...P≈≈≈P≈≈
#.######..####.#######P≈P≈P#
...........# #.# ....##
#.######.### #.# .##.# #.#
#...#####.# . .# #.........#
# #


You could see a kobold brigand (ally target) and a friendly white imp
(summoned).

Vanquished Creatures
  A shining eye (shapeshifter) (D:2)
  A centaur zombie (D:2)
  5 gnolls (D:3)
  3 adders
  A worm (D:2)
  A dart slug (D:2)
  2 orcs (D:3)
  3 endoplasms
  A giant cockroach (D:1)
  6 goblins
  A hobgoblin (D:2)
  2 jackals (D:1)
  6 kobolds
  4 quokkas
  6 ball pythons
  A bat (D:2)
  3 frilled lizards
  3 rats (D:1)
50 creatures vanquished.

Vanquished Creatures (others)
  13 plants (D:3)
13 creatures vanquished.

Grand Total: 63 creatures vanquished

Notes
Turn   | Place    | Note
-------+----------+-------------------------------------------
     0 | D:1      | Froggeryz the Ogre Chaos Knight began the quest for the
                  | Orb.
     0 | D:1      | Reached XP level 1. HP: 24/24 MP: 1/1
    63 | D:1      | Found Oxomea's Armour Emporium.
   130 | D:1      | Reached skill level 3 in Maces & Flails
   139 | D:1      | Reached XP level 2. HP: 32/32 MP: 2/2
   170 | D:1      | XOM: silly message
   354 | D:1      | XOM: 1-stop teleportation journey
   862 | D:2      | Reached XP level 3. HP: 39/39 MP: 3/3
  1041 | D:2      | Found a faded altar of an unknown god.
  1077 | D:2      | Noticed a shapeshifter
  1077 | D:2      | a worm changed into a shapeshifter
  1077 | D:2      | Noticed an eye of devastation
  1077 | D:2      | a shapeshifter changed into an eye of devastation
  1079 | D:2      | XOM: potion effect (brilliance)
  1081 | D:2      | Noticed a shining eye
  1081 | D:2      | an eye of devastation changed into a shining eye
  1084 | D:2      | Killed a shining eye
  1085 | D:2      | Reached skill level 6 in Maces & Flails
  1085 | D:2      | Reached XP level 4. HP: 40/48 MP: 4/4
  1085 | D:2      | Reached XP level 5. HP: 46/54 MP: 5/5
  1085 | D:2      | Reached XP level 6. HP: 52/62 MP: 6/6
  1345 | D:2      | XOM: 2-stop teleportation journey
  1527 | D:2      | XOM: summons 4 hostile demons
  1759 | D:3      | XOM: give mutations
  1759 | D:3      | Gained mutation: You are robust. (+10% HP) [Xom's mischief]
  1759 | D:3      | Gained mutation: You are dopey. (Int -2) [Xom's mischief]
  1759 | D:3      | Gained mutation: Armour fits poorly on your strangely
                  | shaped body. [Xom's mischief]
  1803 | D:3      | Reached XP level 7. HP: 77/77 MP: 7/7
  2569 | D:2      | XOM: 2-stop teleportation journey
  2870 | D:2      | XOM: scenery: 1 doors close
  2918 | D:3      | Lost mutation: You are dopey. (Int -2) [potion of mutation]
  2918 | D:3      | Lost mutation: You are robust. (+10% HP) [potion of
                  | mutation]
  2918 | D:3      | Gained mutation: You are occasionally teleported next to
                  | monsters. [potion of mutation]
  2918 | D:3      | Gained mutation: You have supernaturally acute eyesight.
                  | (SInv) [potion of mutation]
  2918 | D:3      | Gained mutation: Your magical capacity is low. (-10% MP)
                  | [potion of mutation]
  2918 | D:3      | Gained mutation: You are resistant to electric shocks.
                  | (rElec) [potion of mutation]
  2921 | D:3      | XOM: summons friendly white imp
  2928 | D:3      | Slain by a kobold brigand

Illustrated notes

Levels and vault maps discovered:
D:1:      lemuel_arrival_hallway, layout_rooms, serial_shops,
          nicolae_shop_waterfront
D:2:      layout_basic, ebering_ecumenical_altar_rust
D:3:      layout_basic, serial_bayou_pond_c, lexackson_kobold_supper

Skill      XL: |  1  2  3 |
---------------+----------+-----
Maces & Flails | 3 6 |  6.6
Shields        | 2 |  2.4
Fighting       | |  4.0
Dodging        | |  2.1
Stealth        | |  0.4

Action                   |  1- 3 |  4- 6 |  7- 9 || total
-------------------------+-------+-------+-------++-------
Melee: Mace              |    75 |    32 |    11 ||   118
       Flail             |       |       |    54 ||    54
  Use: Potion            |     1 |       |     1 ||     2
       Scroll            |       |     2 |       ||     2
Armor: Robe              |    33 |    22 |    18 ||    73
Dodge: Dodged            |    34 |    22 |    40 ||    96

Table legend: (Time is in decaauts)
 A = Elapsed time spent in this place.
 B = Non-inter-level travel time spent in this place.
 C = Inter-level travel time spent in this place.
 D = Time resting spent in this place.
 E = Time spent auto-exploring this place.
 F = Levels seen in this place.
 G = Mean time per level.
                   A        B        C        D        E       F      G
               +--------+--------+--------+--------+--------+-----+--------+
         Total |   2969 |   2910 |     59 |    544 |   1890 |   3 |  989.7 |
       Dungeon |   2969 |   2910 |     59 |    544 |   1890 |   3 |  989.7 |
               +--------+--------+--------+--------+--------+-----+--------+

Top non-repeatable levels by time:
     D:2: 1425 daAuts
     D:3: 875 daAuts
     D:1: 668 daAuts
